Unix NetHack Version 5.0.0-0 post-release - last build May 31 2026 23:59:36 (970b52f25bf058293b47ddfd14a1e40e571c508c,branch:main).

Game began 2026-06-05 14:39:54, ended 2026-06-06 03:19:13.

Drastanta, lawful male human Samurai

                      }}}
                      }@}
                      }

Drastanta the Joshu    St:25 Dx:14 Co:18 In:10 Wi:14 Ch:11  Lawful
Dlvl:26 $:0  HP:0(115) Pw:38(38) AC:-9 Xp:13 T:25224 

Latest messages:
 You see here a statue of a soldier ant.
 You see here a statue of an Elvenking.
 The hill orc strikes at thin air!
 You kill the hill orc!
 There are several objects here.
 You see here a statue of a stone golem.
 You see here a statue of a crocodile.
 You see here a statue of a stone golem.
 You see here an orcish short sword.
 You swap places with the peaceful dwarf.
 There are several objects here.
 There are several objects here.
 There is an open door here.
 There are several objects here.
 You see here a sling.
 Really step into that pit? [yn] (n) n
 Where do you want to jump?
 (For instructions type a '?')
 What do you want to use or apply? [abtBHS or ?*] b
 You put 133 gold pieces into the bag of holding.
 You put a C-ration into the bag of holding.
 You put a scroll of teleportation into the bag of holding.
 You put a potion of full healing into the bag of holding.
 You put 3 uncursed potions of healing into the bag of holding.
 You put a potion of invisibility into the bag of holding.
 You put a wand of striking (0:1) into the bag of holding.
 Where do you want to jump?
 (For instructions type a '?')
 Where do you want to jump?
 (For instructions type a '?')
 You pass right over a pit.
 Where do you want to jump?
 (For instructions type a '?')
 You move over a moat.
 Where do you want to jump?
 (For instructions type a '?')
 You move over a moat.
 You move over a moat.
 You bump into a black naga hatchling.
 You fall into the shallow sea!
 You sink like a rock.
 Some water gets into your bag of holding!
 Some water gets into your sack!
 You drown.
 Do you want your possessions identified? [ynq] (y) y
 Do you want to see your attributes? [ynq] (y) y
 Do you want an account of creatures vanquished? [ynaq] (y) y
 Do you want a list of species genocided? [ynq] (y) y
 Do you want to see your conduct and achievements? [ynq] (y) y
 Do you want to see the dungeon overview? [ynq] (y) y

Inventory:
 Amulets  ('"')
  r - an uncursed amulet of ESP (being worn)
 Weapons  (')')
  c - a blessed +3 katana (wielded in left hand)
  a - the rustproof +4 Snickersnee (wielded in right hand)
 Armor    ('[')
  q - an uncursed thoroughly corroded +0 helm of caution (being worn)
  N - an uncursed rustproof +1 pair of gauntlets of power (being worn)
  m - an uncursed rotted +0 pair of jumping boots (being worn)
  o - an uncursed thoroughly burnt +0 cloak of invisibility (being worn)
  p - an uncursed +1 T-shirt with text "It is better to light a candle than to curse the darkness" (being worn)
  j - an uncursed rotproof +3 gray dragon scale mail named VIOLENT GLOW (being worn)
 Comestibles  ('%')
  T - an uncursed gunyoki
 Rings    ('=')
  I - an uncursed ring of polymorph control (on right hand)
 Tools    ('(')
  b - a blessed bag of holding containing 50 items
  S - an uncursed sack containing 1 item
  B - an uncursed blindfold
  H - an uncursed skeleton key
 Gems/Stones  ('*')
  n - an uncursed luckstone

Contents of the bag of holding:
  2168 gold pieces
  an uncursed amulet versus poison
  the rusty +0 Grimtooth
  an uncursed rusty +0 pair of gauntlets of power
  a cursed +0 pair of levitation boots
  an uncursed thoroughly burnt very rotted +0 pair of speed boots
  a cursed +0 shield of reflection
  an uncursed +0 alchemy smock with text "If you don't like the food, I'll stab you"
  an uncursed +0 scale mail
  an uncursed +0 set of black dragon scales
  an uncursed +0 set of yellow dragon scales
  an uncursed C-ration
  an uncursed lizard corpse
  a blessed scroll of blank paper
  an uncursed scroll of blank paper
  3 uncursed scrolls of blank paper
  9 uncursed scrolls of blank paper
  2 cursed scrolls of blank paper
  3 uncursed scrolls of confuse monster
  a blessed scroll of create monster
  a cursed scroll of enchant weapon
  a blessed scroll of light
  2 uncursed diluted potions of confusion
  an uncursed potion of full healing
  3 uncursed diluted potions of healing
  an uncursed potion of invisibility
  an uncursed diluted potion of paralysis
  2 potions of holy water
  an uncursed potion of water
  an uncursed potion of water
  a potion of unholy water
  an uncursed ring of polymorph
  an uncursed ring of searching
  an uncursed ring of shock resistance
  a wand of create monster (0:14)
  a wand of digging (0:5)
  a wand of digging (0:5)
  a wand of digging (0:3)
  a wand of lightning (0:6)
  a wand of nothing (0:10)
  a wand of slow monster (0:3)
  a wand of stasis (0:2)
  a wand of striking (0:1)
  a wand of teleportation (0:3)
  a wand of teleportation (0:3)
  a blessed oil lamp
  a rusty +0 pick-axe
  an uncursed wet towel
  a +0 unicorn horn
  an uncursed luckstone

Contents of the sack:
  an uncursed potion of healing

Drastanta the Samurai's attributes:

Background:
 You were a Joshu, a level 13 male human Samurai.
 You were lawful, on a mission for Amaterasu Omikami
 who was opposed by Raijin (neutral) and Susanowo (chaotic).
 You were right-handed.
 You were in the Dungeons of Doom, on level 26.
 You entered the dungeon 25224 turns ago.
 It was nighttime.
 You had 55493 experience points, 24507 more were needed to attain level 14.

Basics:
 You had 0 out of 115 hit points.
 You had all 38 energy points (spell power).
 Your armor class was -9.
 Your wallet was empty, but
 you had 2168 zorkmids stashed away in your pack.
 Autopickup was on for '$' plus thrown.

Final Characteristics:
 Your strength was 25 (base:18/02, innate limit:18/100).
 Your dexterity was 14 (peak:16, limit:18).
 Your constitution was 18 (limit:18).
 Your intelligence was 10 (limit:18).
 Your wisdom was 14 (limit:18).
 Your charisma was 11 (limit:18).

Final Status:
 You were underwater.
 You weren't hungry.
 You were unencumbered.
 You were wielding two weapons at once.
 Your skill in long sword was limited by being skilled with two weapons.
 You could have enhanced skill with two weapons.

Final Attributes:
 You were piously aligned.
 You were magic-protected.
 You were fire resistant.
 You saw invisible.
 You were telepathic.
 You were warned.
 You were invisible to others.
 You were stealthy.
 You could jump.
 You had a small defense bonus (+4).
 You were warded.
 You had polymorph control.
 You were fast.
 You were very lucky.
 You had extra luck.
 Bad luck did not time out for you.
 Good luck did not time out for you.
 You are dead.

Miscellaneous:
 You didn't encounter any bones levels.
 Total elapsed playing time was 9 hours and 56 seconds.

Major events:
 Turn
    1: Drastanta the lawful male human Samurai entered the dungeon
  794: attained the rank of Ronin (level 3)
 1524: entered the Gnomish Mines
 1846: attained the rank of Ninja (level 6)
 2072: reached Mine Town
 5900: acquired the Mines' End luckstone
 7496: was bestowed with Snickersnee by Amaterasu Omikami
 8835: entered Sokoban
 9061: completed 1st Sokoban level
 9316: completed 2nd Sokoban level
 9611: completed 3rd Sokoban level
 9784: attained the rank of Joshu (level 10)
10326: completed 4th Sokoban level
10691: acquired the Sokoban bag of holding
11081: entered the Bigroom
15277: performed his first genocide (mind flayers)
19060: made his first wish - "blessed fixed +3 gray dragon scale mail", got "a gray dragon scale mail"
21967: found Grimtooth on the floor
22138: killed Medusa
25224: drowned in a shallow sea

Spells:
 Name                 Level Category     Fail Retention
 detect monsters        1   divination   100%    (gone)
 create monster         2   clerical     100%    (gone)
 healing                1   healing      100%    1%-25%
 magic missile          2   attack       100%   51%-75%

Skills:
 Fighting Skills
   martial arts      [Basic]
   two weapon combat [Skilled]
   riding            [Unskilled]
 Weapon Skills
   dagger            [Unskilled]
   knife             [Unskilled]
   short sword       [Basic]
   broadsword        [Unskilled]
   long sword        [Expert]
   two-handed sword  [Unskilled]
   saber             [Unskilled]
   flail             [Unskilled]
   quarterstaff      [Unskilled]
   polearms          [Unskilled]
   spear             [Unskilled]
   lance             [Unskilled]
   bow               [Basic]
   shuriken          [Unskilled]
 Spellcasting Skills
   attack spells     [Unskilled]
   divination spells [Unskilled]
   clerical spells   [Unskilled]

Voluntary challenges:
 Character rerolling was not enabled.
 You genocided 1 type of monster.
 You never polymorphed an object.
 You used 1 wish.
 You did not wish for any artifacts.
 You did not violate any of the special Sokoban rules.
Achievements:
 You entered a shop.
 You attained the rank of Ronin.
 You entered the Gnomish Mines.
 You attained the rank of Ninja.
 You entered Minetown.
 You completed the Gnomish Mines.
 You entered Sokoban.
 You attained the rank of Joshu.
 You completed Sokoban.
 You entered the Big Room.
 You entered a temple.
 You defeated Medusa.

 The Dungeons of Doom: levels 1 to 29
    Level 1:
    Level 2:
       An armor shop, a fountain.
       Stairs down to The Gnomish Mines.
    Level 3:
       A grave.
    Level 4:
       An altar to Amaterasu Omikami.
    Level 5:
    Level 6:
       Many fountains.
    Level 7:
       A fountain.
    Level 8:
       Many fountains.
       Oracle of Delphi.
    Level 9:
       Stairs up to Sokoban, level 8.
    Level 10:
       A fountain.
    Level 11:
       A very big room.
    Level 12:
       A fountain.
    Level 13:
    Level 14:
    Level 15:
       A fountain.
       Summoned by Lord Sato.
    Level 16:
    Level 17:
       A primitive area.
    Level 18:
       An altar to Amaterasu Omikami.
    Level 19:
       A temple and an altar, some fountains, a grave.
    Level 20:
       A temple and an altar, a fountain.
    Level 21:
    Level 22:
       A fountain.
    Level 23:
    Level 24:
       A fountain.
    Level 25:
       A fountain, a sink.
    Level 26: <- You were here.
       Final resting place for
          you, drowned in a shallow sea.
    Level 27:
    Level 28:
    Level 29:
       A throne, a fountain.
 The Gnomish Mines: levels 3 to 10
    Level 3:
    Level 4:
    Level 5:
    Level 6: "Jumping Boots"
       An altar to Amaterasu Omikami, some fountains.
    Level 7:
    Level 8:
    Level 9:
    Level 10:
 Sokoban: levels 8 up to 5
    Level 5:
       Solved.
    Level 6:
       Solved.
    Level 7:
       Solved.
    Level 8:
       Solved.


Vanquished creatures:
    Medusa
  a titan
  a glass golem
  a purple worm
  a white dragon
 an orange dragon
  a black dragon
  a blue dragon
  3 green dragons
  a yellow dragon
  2 minotaurs
  a jabberwock
  a baluchitherium
  4 stone golems
  a Nazgul
  2 titanotheres
  a trapper
  2 vampire leaders
  a lich
  a nurse
  a frost giant
 an ettin
  2 black puddings
  2 vampires
  a lieutenant
  a ghost
  4 queen bees
  a winged gargoyle
  2 giant mimics
  2 long worms
  4 zruties
  3 ogre tyrants
  5 ice trolls
  3 umber hulks
  2 elven monarchs
  4 large mimics
  a wumpus
  2 stalkers
  2 air elementals
  3 fire elementals
  3 water elementals
  a black naga
  2 xorns
  2 giant zombies
  4 elf-nobles
  6 wargs
  2 winter wolves
  4 small mimics
  4 warhorses
  2 xans
 an ettin mummy
  2 ogre leaders
  a quantum mechanic
 19 trolls
  a sasquatch
  5 wood golems
  4 sharks
  4 electric eels
  4 gelatinous cubes
  3 pyrolisks
  a large dog
  a freezing sphere
  5 flaming spheres
  2 shocking spheres
  3 large cats
  4 tigers
  3 gargoyles
  2 ochre jellies
  3 leocrottas
 an energy vortex
  4 mountain centaurs
  3 elf mummies
  2 red nagas
  a pit viper
  4 cobras
  a wraith
  a carnivorous ape
  4 Grey-elves
  8 soldiers
  5 chameleons
  4 giant beetles
  a quivering blob
  6 cockatrices
 12 wolves
  3 winter wolf cubs
  a lynx
  2 panthers
 12 gremlins
  a spotted jelly
  2 leprechauns
  5 orc-captains
  2 iron piercers
  a mumak
  5 giant spiders
  2 scorpions
  a horse
  3 ice vortices
  2 black lights
  2 vampire bats
  3 forest centaurs
  a gnome ruler
  4 orc mummies
  5 brown puddings
  6 rust monsters
  4 owlbears
  2 yetis
  a gold golem
  3 werewolves
  2 Green-elves
  4 giant eels
 13 lizards
  3 chickatrices
  a dingo
  a dog
  3 housecats
  5 jaguars
  a gray unicorn
  a black unicorn
  5 ravens
  a plains centaur
  2 gnome mummies
  4 snakes
  6 apes
  8 human zombies
  a rope golem
  4 Woodland-elves
 12 soldier ants
  a fire ant
  3 bugbears
  3 imps
  3 quasits
  2 wood nymphs
  2 water nymphs
  4 mountain nymphs
  8 Mordor orcs
 34 Uruk-hai
  7 orc shamans
  7 rock piercers
  6 rock moles
  3 ponies
  a fog cloud
  6 yellow lights
  3 shriekers
  2 violet fungi
 14 gnome leaders
  5 gnomish wizards
  3 kobold mummies
  a gray ooze
  a barrow wight
  2 elf zombies
  2 straw golems
  4 paper golems
  2 jellyfish
  8 giant ants
  a little dog
  3 floating eyes
  5 kittens
  4 dwarves
  3 homunculi
  2 kobold leaders
  2 kobold shamans
 25 hill orcs
 16 rothes
  2 rabid rats
  a centipede
  a giant bat
  2 monkeys
 an orc zombie
  3 dwarf zombies
  2 wererats
  a werejackal
  8 iguanas
 56 killer bees
  4 acid blobs
  4 coyotes
  4 hobbits
  4 manes
  2 large kobolds
  6 hobgoblins
  6 orcs
  7 giant rats
  4 cave spiders
  a brown mold
  a green mold
  a red mold
 60 gnomes
  a garter snake
  5 gnome zombies
  3 geckos
  7 jackals
  2 foxes
  3 kobolds
  5 goblins
  3 sewer rats
  9 grid bugs
  3 bats
  3 lichens
  4 kobold zombies
 13 newts
819 creatures vanquished.

Genocided species:
 mind flayers
1 species genocided.

Game over:
                       ----------
                      /          \
                     /    REST    \
                    /      IN      \
                   /     PEACE      \
                  /                  \
                  |    Drastanta     |
                  |     2168 Au      |
                  |   drowned in a   |
                  |   shallow sea    |
                  |                  |
                  |                  |
                  |       2026       |
                 *|     *  *  *      | *
        _________)/\\_//(\/(/\)/\//\/|_)_______

Sayonara Drastanta the Samurai...

You drowned in The Dungeons of Doom on dungeon level 26 with 247766 points,
and 2168 pieces of gold, after 25224 moves.
You were level 13 with a maximum of 115 hit points when you drowned.

